 Dungeon Crawl Stone Soup version 0.32-a0-995-gb4a59205af (webtiles) character file.

Game seed: 17433698231460148571

783 Caestello the Ducker (level 7, 0/60 HPs)
             Began as a Gnoll Monk on Apr 22, 2024.
             Slain by an ogre
             ... wielding a +0 giant club
              (32 damage)
             ... on level 5 of the Dungeon.
             The game lasted 00:12:29 (4455 turns).

Caestello the Ducker (Gnoll Monk)                   Turns: 4455, Time: 00:12:30

Health: 0/60       AC:  5    Str: 10    XL:     7   Next: 86%
Magic:  11/11      EV: 15    Int: 10    God:
Gold:   178        SH:  0    Dex: 16    Spells: 9/11 levels left

rFire   . . .        a - +0 hand axe
rCold   . . .        d - orb {light}
rNeg    . . .        b - +0 robe
rPois   .            (no helmet)
rElec   .            (no cloak)
rCorr   .            (no gloves)
SInv    .            v - +2 pair of boots
Will    .....        C - amulet of regeneration
Stlth   +            (no ring)
HPRegen 1.10/turn    (no ring)
MPRegen 0.12/turn

%: no passive effects
@: glowing
A: fangs 1, strong nose, distributed training
a: no special abilities


You were on level 5 of the Dungeon.
You visited 1 branch of the dungeon, and saw 6 of its levels.
You also visited: Sewer.

You collected 327 gold pieces.
You spent 149 gold pieces at shops.

Inventory:

Hand Weapons
 a - a +0 hand axe (weapon)
Missiles
 j - 26 stones (quivered)
 l - 3 javelins
Armour
 b - a +0 robe (worn)
 d - an orb of light (worn)
 e - a +1 pair of gloves of hurling
 v - a +2 pair of boots (worn)
Jewellery
 C - an amulet of regeneration (around neck)
 I - an amulet of magic regeneration
Talismans
 f - a storm talisman
 t - a serpent talisman
Scrolls
 k - 2 scrolls of vulnerability
 o - a scroll of blinking {unknown}
 p - a scroll of poison
 r - a scroll of silence {unknown}
 s - a scroll of enchant weapon {unknown}
 u - 3 scrolls of teleportation
 y - a scroll of revelation {unknown}
Potions
 c - a potion of ambrosia
 g - a potion of berserk rage {unknown}
 h - 2 potions of haste {unknown}
 i - 3 potions of resistance
 m - 3 potions of heal wounds
 n - a potion of might {unknown}
 q - 2 potions of mutation
 w - 2 potions of lignification {unknown}
 x - a potion of cancellation {unknown}
 z - a potion of invisibility {unknown}
 A - a potion of curing {unknown}
 B - 2 potions of enlightenment {unknown}
 E - a potion of magic {unknown}
 F - a potion of brilliance {unknown}
 G - a potion of degeneration {unknown}


   Skills:
 + Level 7.2 Fighting
 + Level 2.8 Short Blades
 + Level 2.8 Long Blades
 + Level 7.2 Axes
 + Level 2.8 Maces & Flails
 + Level 2.8 Polearms
 + Level 2.8 Staves
 + Level 2.8 Ranged Weapons
 + Level 2.8 Throwing
 + Level 2.8 Armour
 + Level 7.2 Dodging
 + Level 2.8 Stealth
 + Level 2.8 Shields
 + Level 2.8 Unarmed Combat
 + Level 2.8 Spellcasting
 + Level 2.3 Conjurations
 + Level 2.3 Hexes
 + Level 2.3 Summonings
 + Level 2.3 Necromancy
 + Level 2.3 Translocations
 + Level 2.3 Fire Magic
 + Level 2.3 Ice Magic
 + Level 2.3 Air Magic
 + Level 2.3 Earth Magic
 + Level 2.3 Alchemy
 + Level 3.1 Invocations
 + Level 2.8 Evocations
 + Level 2.6 Shapeshifting


You had 9 spell levels left.
You knew the following spells:

 Your Spells              Type           Power      Damage    Failure   Level
a - Blink                 Tloc           12%        N/A       17%         2

Your spell library contained the following spells:

 Spells                   Type           Power      Damage    Failure   Level
 Ensorcelled Hibernation  Hex/Ice        12%        N/A       17%         2
 Lesser Beckoning         Tloc           12%        N/A       17%         2
 Momentum Strike          Conj/Tloc      12%        3d8       17%         2
 Fugue of the Fallen      Necr           6%         N/A       32%         3
 Maxwell's Portable Pile  Tloc           6%         2d(5-15)  32%         3
 Teleport Other           Tloc           6%         N/A       32%         3
 Anguish                  Hex/Necr       3%         N/A       73%         4


Dungeon Overview and Level Annotations

Branches:
Dungeon (6/15)              Sewer (visited)
 Temple: D:4-7

Altars:
Dithmenos
Hepliaklqana
Sif Muna

Shops:
D:1 ?[

Portals:
Abyss: D:4

Annotations:
D:4 2 transporters
D:5 Edmund
D:6 Pikel


Innate Abilities, Weirdness & Mutations

You have very sharp teeth.
Your uncanny sense of smell can sniff out nearby items.
Your experience applies equally to all skills.


Message History

An orc comes into view. It is wielding a +0 hand axe.
Found a scroll of vulnerability.
A lemure comes into view.
You see here a scroll of teleportation.
u - 3 scrolls of teleportation (gained 1) Pikel and an orc come into view.
Pikel is wielding a +2 whip of freezing.
Pikel shouts!
The orc shouts!
Pikel moves out of view.
The orc shouts!
The orc closely misses you.
There is a stone staircase leading up here.
The orc barely misses you. The ogre closely misses you.
You climb upwards.
Level annotation: Edmund
There is a stone staircase leading down here.
You hit the ogre.
The ogre is moderately wounded.
You hit the orc but do no damage. The orc closely misses you.
You hit the ogre but do no damage.
The ogre is moderately wounded.
You hit the orc but do no damage.
The ogre hits you with a +0 giant club!!
Ouch! That really hurt!
The orc barely misses you.
You hear a howl!
You hit the ogre. Your bite misses the ogre.
The ogre is heavily wounded.
You hit the orc but do no damage.
You hear a shout!
The orc hits you but does no damage. The ogre misses you.
You hit the ogre. You bite the ogre.
The ogre is severely wounded.
You hit the orc but do no damage. The orc hits you with a +0 dagger.
You barely miss the ogre.
The ogre is severely wounded.
You hit the orc but do no damage.
The ogre hits you with a +0 giant club!!
Ouch! That really hurt!
You die...

.......## ##.....#############.#
##.#....####......#..)........#.#
...#....#.......###.........†.'.#
..####...........##..♣♣♣♣♣♣♣♣.###
### #.............#..♣........#
.####.............#..♣.♣♣♣♣♣..#
##.#..............#..♣.♣...♣..#
...............o.##..♣.♣♣♣.♣..# #
............#..O@.#..♣.♣♣♣.♣..###
.#..#.......#..##.#..♣.....♣..##.
.#.####......#...##..♣♣♣♣♣♣♣..#..
##..##......##....#......†....#..
##.###............#...........#..
.#................#############..
.......)..............#..........
........#........................
........#............##....÷...#.


You could see an ogre and an orc.

Vanquished Creatures
  A crocodile (Sewer)
  2 scorpions (D:5)
  3 howler monkeys
  A bombardier beetle (D:5)
  A jelly (D:5)
  4 hounds (D:5)
  An orc priest (D:3)
  2 orc wizards
  Robin (D:4)
  6 adders
  3 gnolls (D:3)
  3 ufetubi (D:5)
  A dart slug (D:1)
  A ribbon worm (D:3)
  7 orcs
  5 bats
  5 endoplasms
  3 giant cockroaches
  13 goblins
  10 hobgoblins
  7 jackals
  A quokka (D:5)
  2 ball pythons (D:3)
  8 kobolds
  3 rats
94 creatures vanquished.

Notes
Turn   | Place    | Note
-------+----------+-------------------------------------------
     0 | D:1      | Caestello the Gnoll Monk began the quest for the Orb.
     0 | D:1      | Reached XP level 1. HP: 23/23 MP: 1/1
     0 | D:1      | Noticed a golden dragon
     1 | D:1      | Noticed a yellow draconian
     3 | D:1      | Noticed an iron dragon
     6 | D:1      | Noticed an iron dragon
     8 | D:1      | Noticed an iron dragon
     9 | D:1      | Noticed an ice dragon
    12 | D:1      | Noticed a tentacled monstrosity
    14 | D:1      | Noticed an iron dragon
    14 | D:1      | Noticed an orb of fire
    16 | D:1      | Noticed a shadow dragon
    16 | D:1      | Noticed an orb of fire
    16 | D:1      | Noticed an ice dragon
    18 | D:1      | Noticed a tentacled monstrosity
    20 | D:1      | Noticed an iron dragon
    20 | D:1      | Noticed a shadow dragon
    22 | D:1      | Noticed a shadow dragon
    54 | D:1      | Found Ukhatize's Armour Shop.
   316 | D:1      | Found Vawk's Magic Scroll Shoppe.
   340 | D:1      | Reached XP level 2. HP: 29/29 MP: 2/2
   803 | D:2      | Reached XP level 3. HP: 35/35 MP: 3/3
   818 | D:2      | Reached skill level 1 in Invocations
  1632 | D:3      | Reached skill level 1 in Short Blades
  1632 | D:3      | Reached skill level 1 in Long Blades
  1632 | D:3      | Reached skill level 1 in Maces & Flails
  1632 | D:3      | Reached skill level 1 in Polearms
  1632 | D:3      | Reached skill level 1 in Staves
  1632 | D:3      | Reached skill level 1 in Ranged Weapons
  1632 | D:3      | Reached skill level 1 in Throwing
  1632 | D:3      | Reached skill level 1 in Armour
  1632 | D:3      | Reached skill level 1 in Stealth
  1632 | D:3      | Reached skill level 1 in Shields
  1632 | D:3      | Reached skill level 1 in Unarmed Combat
  1632 | D:3      | Reached skill level 1 in Spellcasting
  1632 | D:3      | Reached skill level 1 in Evocations
  1635 | D:3      | Reached skill level 1 in Shapeshifting
  1635 | D:3      | Reached XP level 4. HP: 14/41 MP: 5/5
  1645 | D:3      | Reached skill level 1 in Conjurations
  1645 | D:3      | Reached skill level 1 in Hexes
  1645 | D:3      | Reached skill level 1 in Summonings
  1645 | D:3      | Reached skill level 1 in Necromancy
  1645 | D:3      | Reached skill level 1 in Translocations
  1645 | D:3      | Reached skill level 1 in Fire Magic
  1645 | D:3      | Reached skill level 1 in Ice Magic
  1645 | D:3      | Reached skill level 1 in Air Magic
  1645 | D:3      | Reached skill level 1 in Earth Magic
  1645 | D:3      | Reached skill level 1 in Alchemy
  1806 | D:3      | Reached XP level 5. HP: 30/47 MP: 5/7
  1841 | D:3      | Found a shimmering blue altar of Sif Muna.
  1844 | D:3      | Found a hazy altar of Hepliaklqana.
  1957 | D:3      | Found a shadowy altar of Dithmenos.
  1980 | D:3      | Found a glowing drain.
  1989 | Sewer    | Entered a sewer
  2164 | Sewer    | Noticed a crocodile
  2177 | Sewer    | Killed a crocodile
  2178 | Sewer    | Reached XP level 6. HP: 32/53 MP: 8/8
  2828 | D:1      | Bought a +0 pair of gloves of hurling for 149 gold pieces
  2956 | D:4      | Learned a level 2 spell: Blink
  3069 | D:4      | Noticed Robin
  3111 | D:4      | Killed Robin
  3537 | D:4      | Found a transporter.
  3545 | D:4      | Noticed a small abomination
  3554 | D:4      | Noticed a small abomination
  3559 | D:4      | Noticed a toenail golem
  3564 | D:4      | Found a transporter.
  3674 | D:4      | Found a one-way gate to the infinite horrors of the Abyss.
  3772 | D:5      | Entered Level 5 of the Dungeon
  3859 | D:5      | Reached XP level 7. HP: 57/60 MP: 10/10
  4234 | D:5      | Noticed Edmund
  4447 | D:6      | Noticed Pikel
  4455 | D:5      | Slain by an ogre

Illustrated notes

Levels and vault maps discovered:
D:1:      shiori_arrival_whats_in_store_for_you, layout_basic, serial_shops,
          nicolae_square_shop, nicolae_shop_crystal, solitary_fountain
D:2:      layout_loops_ring, minmay_misc_feat_columns
D:3:      layout_basic, nicolae_overflow_squiral,
          nicolae_dithmenos_shadow_blocks, cheibrodos_sewer_entry_bend,
          chequers_serial_rivers_micro_b
D:4:      layout_cave_pods, gammafunk_ghost_abyssal_escape, uniq_robin
D:5:      layout_cave_pools, grunt_ministairs_5, kennysheep_small_spiral,
          uniq_edmund
D:6:      layout_basic, minmay_temple_entry_butterflies, kennysheep_nondescript,
          uniq_pikel

Skill      XL: |  1  2  3  4  5  6  7 |
---------------+----------------------+-----
Invocations    | 1 2 3 |  3.1
Short Blades   | 1 2 |  2.8
Long Blades    | 1 2 |  2.8
Maces & Flails | 1 2 |  2.8
Polearms       | 1 2 |  2.8
Staves         | 1 2 |  2.8
Ranged Weapons | 1 2 |  2.8
Throwing       | 1 2 |  2.8
Armour         | 1 2 |  2.8
Stealth        | 1 2 |  2.8
Shields        | 1 2 |  2.8
Unarmed Combat | 1 2 |  2.8
Spellcasting   | 1 2 |  2.8
Evocations     | 1 2 |  2.8
Shapeshifting  | 1 2 |  2.6
Conjurations   | 1 2 |  2.3
Hexes          | 1 2 |  2.3
Summonings     | 1 2 |  2.3
Necromancy     | 1 2 |  2.3
Translocations | 1 2 |  2.3
Fire Magic     | 1 2 |  2.3
Ice Magic      | 1 2 |  2.3
Air Magic      | 1 2 |  2.3
Earth Magic    | 1 2 |  2.3
Alchemy        | 1 2 |  2.3
Fighting       | 7 |  7.2
Axes           | 7 |  7.2
Dodging        | 7 |  7.2

Action                     |  1- 3 |  4- 6 |  7- 9 || total
---------------------------+-------+-------+-------++-------
  Melee: Hand axe          |    82 |   166 |    68 ||   316
         Bite              |    10 |    27 |    11 ||    48
  Throw: Stone             |       |     2 |    16 ||    18
    Use: Scroll            |       |     8 |     2 ||    10
 Armour: Robe              |    29 |    62 |    40 ||   131
  Dodge: Dodged            |    58 |    98 |    66 ||   222
         Form:             |     1 |       |       ||     1
         Storm             |     1 |       |       ||     1

Table legend: (Time is in decaauts)
 A = Elapsed time spent in this place.
 B = Non-inter-level travel time spent in this place.
 C = Inter-level travel time spent in this place.
 D = Time resting spent in this place.
 E = Time spent auto-exploring this place.
 F = Levels seen in this place.
 G = Mean time per level.
                   A        B        C        D        E       F      G
               +--------+--------+--------+--------+--------+-----+--------+
         Total |   4467 |   4172 |    295 |    273 |   2393 |   7 |  638.1 |
       Dungeon |   4151 |   3856 |    295 |    108 |   2393 |   6 |  691.8 |
         Sewer |    315 |    315 |      0 |    165 |      0 |   1 |  315.0 |
               +--------+--------+--------+--------+--------+-----+--------+

Top non-repeatable levels by time:
     D:3: 956 daAuts
     D:1: 890 daAuts
     D:4: 817 daAuts
     D:2: 809 daAuts
     D:5: 661 daAuts
   Sewer: 315 daAuts
     D:6: 16 daAuts
